 Dungeon Crawl Stone Soup version 0.29-a0-92-gee772dd00f (webtiles) character file.

Game seed: 10621949304780399070

48 cyrus the Skirmisher (level 4, -4/35 HPs)
             Began as a Djinni Fighter on Feb 10, 2022.
             Slain by a gnoll (6 damage)
             ... on level 2 of the Dungeon.
             The game lasted 00:02:33 (1272 turns).

cyrus the Skirmisher (Djinni Fighter)               Turns: 1272, Time: 00:02:33

Health: -4/35      AC:  3    Str: 15    XL:     4   Next: 0%
Gold:   21         EV: 11    Int: 11    God:
                   SH:  4    Dex: 13

rFire   + + .      SeeInvis .   a - +0 trident
rCold   x . .      Faith    .   c - +0 buckler
rNeg    + . .      Spirit   .   e - +1 robe {rN+}
rPois   ∞          Reflect  .   (helmet currently unavailable)
rElec   .          Harm     .   (no cloak)
rCorr   .          Rampage  .   (no gloves)
Will    .....                   (boots unavailable)
Stlth   +.........              (no amulet)
HPRegen 0.11/turn               (no ring)
MPRegen 0.00/turn               (no ring)

@: appendages (expiring), flying
A: horns 2, flying, sickness immunity, fire resistance 2, cold vulnerability 1,
float, innate caster, HP casting, extra vitality 1
a: End Transformation


You were on level 2 of the Dungeon.
You had temporarily grown beastly horns.
You visited 1 branch of the dungeon, and saw 2 of its levels.

You collected 21 gold pieces.

Inventory:

Hand Weapons
 a - a +0 trident (weapon)
Armour
 b - a +0 scale mail
 c - a +0 buckler (worn)
 e - a +1 robe of positive energy (worn)
Scrolls
 g - 3 scrolls of identify {unknown}
 h - a scroll of holy word {unknown}
Potions
 f - a potion of curing {unknown}
 i - a potion of brilliance {unknown}


   Skills:
 + Level 3.3 Fighting
 + Level 2.5 Polearms
 + Level 3.3 Armour
 + Level 0.2 Dodging
 + Level 0.1 Stealth
 + Level 3.1 Shields


You had 2 spell levels left.
You knew the following spells:

 Your Spells              Type           Power      Damage    Failure   Level
a - Beastly Appendage     Tmut           0%         N/A       43%         1
Your spell library was empty.

Dungeon Overview and Level Annotations

Branches:
Dungeon (2/15)

Altars:


Innate Abilities, Weirdness & Mutations

You have temporarily grown beastly horns.
You are flying.
You are immune to sickness and miasma.
You are immune to poison.
Your flesh is very heat resistant. (rF++)
You are vulnerable to cold. (rC-)
You float through the air rather than walking.
You learn spells naturally, not from books.
Your magical power is your life essence.
You have superior vitality. (+4 MHP)


Message History

Found a stone staircase leading down.
The kobold barely misses you.
You puncture the kobold!
You kill the kobold!
Things that are here:
a +0 dagger; a kobold corpse You start resting.
You feel a little less mighty now.
You start resting.
A gnoll comes into view. It is wielding a +0 spear.
The gnoll shouts!
You hear an angry hiss.
An adder comes into view.
The adder hisses angrily.
A gnoll comes into view.
It is wielding a +2 whip of electrocution.
The gnoll shouts!
The gnoll closely misses you. The adder bites you but does no damage.
The gnoll hits you with a +0 spear.
You closely miss the gnoll. The adder bites you.
The gnoll hits you with a +0 spear! The adder bites you but does no damage.
You hit the gnoll but do no damage. The adder closely misses you.
The gnoll hits you with a +0 spear.
You hit the gnoll.
The gnoll is heavily wounded.
The adder closely misses you. The gnoll closely misses you.
You block the gnoll's attack. The adder closely misses you.
You puncture the gnoll!
You kill the gnoll!
The adder misses you. The gnoll misses you. You block the adder's attack.
You have reached level 4!
You feel agile.
Sorry, you're not good enough to have a special ability.
Casting: Beastly Appendage (safe; 43% risk of failure)
Confirm with . or Enter, or press ? or * to list all spells.
You grow a pair of large bovine horns.
The adder bites you.
* * * LOW HITPOINT WARNING * * *
The gnoll hits you with a +2 whip of electrocution.
* * * LOW HITPOINT WARNING * * *
You completely miss the gnoll. The adder bites you.
* * * LOW HITPOINT WARNING * * *
The gnoll hits you with a +2 whip of electrocution.
You die...

#..#.#.## #..........
#.#.....#.#..
#.........#.# .######
##............ ....<.#
#....$...>.... .####.#
#..........# #.#
#.....gS...# #
.####.#####.)#..@..#.g..
...........$.........#
#####..........!.#####
############.# #...
#####


You could see a gnoll and an adder.

Vanquished Creatures
  A gnoll (D:2)
  A worm (D:2)
  3 dart slugs (D:1)
  5 ball pythons (D:1)
  A bat (D:1)
  5 endoplasms
  3 hobgoblins (D:1)
  A quokka (D:1)
  2 frilled lizards (D:1)
  3 kobolds
  3 rats
28 creatures vanquished.

Notes
Turn   | Place    | Note
-------+----------+-------------------------------------------
     0 | D:1      | cyrus the Djinni Fighter began the quest for the Orb.
     0 | D:1      | Reached XP level 1. HP: 20/20 MP: 0/0
   195 | D:1      | Reached XP level 2. HP: 25/25 MP: 0/0
   716 | D:1      | Reached XP level 3. HP: 15/30 MP: 0/0
   716 | D:1      | Learned a level 1 spell: Beastly Appendage
  1271 | D:2      | Reached XP level 4. HP: 14/35 MP: 0/0
  1272 | D:2      | Slain by a gnoll

Illustrated notes

Levels and vault maps discovered:
D:1:      lemuel_arrival_hallway, layout_basic
D:2:      layout_loops_ring, ebering_ecumenical_altar_mist, st_stairs_2,
          grunt_ministairs_13

Skill      XL: |  1  2 |
---------------+-------+-----
Polearms       | 2 |  2.5
Fighting       | |  3.3
Armour         | |  3.3
Dodging        | |  0.2
Stealth        | |  0.1
Shields        | |  3.1

Action                   |  1- 3 |  4- 6 || total
-------------------------+-------+-------++-------
Melee: Trident           |    70 |     1 ||    71
 Cast: Beastly Appendage |     1 |     1 ||     2
  Use: Potion            |     1 |       ||     1
Armor: Scale mail        |     1 |       ||     1
       Robe              |    13 |       ||    13
Dodge: Dodged            |    52 |       ||    52
Block: Buckler           |    14 |       ||    14

Table legend: (Time is in decaauts)
 A = Elapsed time spent in this place.
 B = Non-inter-level travel time spent in this place.
 C = Inter-level travel time spent in this place.
 D = Time resting spent in this place.
 E = Time spent auto-exploring this place.
 F = Levels seen in this place.
 G = Mean time per level.
                   A        B        C        D        E       F      G
               +--------+--------+--------+--------+--------+-----+--------+
         Total |   1288 |   1288 |      0 |     61 |    937 |   2 |  644.0 |
       Dungeon |   1288 |   1288 |      0 |     61 |    937 |   2 |  644.0 |
               +--------+--------+--------+--------+--------+-----+--------+

Top non-repeatable levels by time:
     D:1: 1183 daAuts
     D:2: 104 daAuts
